General information
- name: BNet
- type: Ladder 1vs1/FFA
- host: Battle.net
- saver: Iuckduck
map: LostTemple
- players: 2
- length: 141:37
- speed: Fast
- version: 1.24 W3XP
- replay type: Public
» download(368 KB)
Players
team 1 (loser)
Tiran-SS (
orange | 27 APM | 3792 actions | 141:33)
8 Mountain King
3 Storm Bolt
3 Bash
1 Avatar
1 Thunder Clap
8 Paladin
3 Holy Light
3 Devotion Aura
1 Divine Shield
1 Resurrection
2 Archmage
1 Summon Water Elemental
1 Blizzard
» actions
| Basic commands | 19 | |
| Build / train | 299 | |
| Enter build submenu | 133 | |
| Enter hero's abilities submenu | 18 | |
| Remove unit from queue | 7 | |
| Right click | 1238 | |
| Select / deselect | 1771 | |
| Use ability | 307 | |
3792 total
» units
| Peasant | 50 | |
| Footman | 6 | |
| Rifleman | 6 | |
| Priest | 12 | |
| Siege Engine | 24 | |
| Sorceress | 9 | |
| Knight | 13 | |
| Goblin Zeppelin | 12 | |
| Mortar Team | 18 | |
| Gryphon Rider | 7 | |
| Flying Machine | 2 | |
159 total
» upgrades
| Defend | 1 | |
| Plating | 3 | |
| Swords | 3 | |
| Masonry | 3 | |
| Gunpowder | 3 | |
| Armor | 3 | |
| Lumber Harvesting | 2 | |
| Priest Training | 2 | |
| Sorceress Training | 2 | |
| Animal War Training | 1 | |
| Storm Hammers | 1 | |
| Fragmentation Shards | 1 | |
| Flare | 1 | |
| Barrage | 1 | |
| Long Rifles | 1 | |
28 total
» buildings
| Barracks | 2 | |
| Farm | 23 | |
| Altar of Kings | 3 | |
| Scout Tower | 76 | |
| Blacksmith | 3 | |
| Arcane Tower | 3 | |
| Lumber Mill | 3 | |
| Keep | 4 | |
| Guard Tower | 69 | |
| Arcane Sanctum | 2 | |
| Castle | 3 | |
| Workshop | 3 | |
| Town Hall | 4 | |
| Cannon Tower | 2 | |
| Gryphon Aviary | 2 | |
202 total
» build order
00:25 Barracks
00:40 Farm
00:55 Altar of Kings
01:21 Farm
01:58 Farm
02:03 Scout Tower
02:33 Blacksmith
02:35 Arcane Tower
02:42 Farm
03:22 Farm
03:47 Scout Tower
04:06 Lumber Mill
04:18 Arcane Tower
05:48 Keep
06:12 Scout Tower
06:47 Scout Tower
06:48 Guard Tower
07:22 Guard Tower
07:25 Scout Tower
08:03 Guard Tower
08:06 Scout Tower
08:19 Farm
08:41 Scout Tower
08:46 Guard Tower
09:04 Farm
09:11 Arcane Sanctum
09:13 Guard Tower
11:20 Scout Tower
11:44 Castle
11:49 Guard Tower
12:43 Workshop
14:47 Farm
15:33 Farm
19:44 Scout Tower
20:17 Town Hall
20:22 Guard Tower
20:26 Scout Tower
20:49 Farm
20:54 Guard Tower
20:58 Scout Tower
21:32 Scout Tower
21:35 Arcane Tower
22:13 Scout Tower
22:23 Cannon Tower
22:45 Guard Tower
23:07 Scout Tower
23:39 Guard Tower
23:43 Scout Tower
24:21 Cannon Tower
24:24 Scout Tower
25:26 Guard Tower
25:49 Gryphon Aviary
27:13 Scout Tower
27:55 Guard Tower
28:57 Scout Tower
29:45 Scout Tower
29:50 Guard Tower
29:53 Scout Tower
30:15 Guard Tower
30:24 Scout Tower
30:30 Guard Tower
30:33 Scout Tower
31:00 Guard Tower
31:07 Guard Tower
31:10 Scout Tower
31:30 Scout Tower
31:37 Guard Tower
31:45 Scout Tower
32:08 Guard Tower
32:48 Guard Tower
32:52 Scout Tower
33:25 Guard Tower
33:28 Scout Tower
34:04 Guard Tower
35:26 Farm
36:04 Farm
37:55 Scout Tower
41:11 Guard Tower
42:16 Scout Tower
43:24 Scout Tower
44:02 Guard Tower
44:03 Guard Tower
45:02 Town Hall
50:36 Scout Tower
51:16 Guard Tower
60:46 Scout Tower
61:15 Guard Tower
64:58 Scout Tower
65:31 Guard Tower
70:07 Town Hall
70:12 Scout Tower
70:15 Scout Tower
70:33 Scout Tower
70:43 Guard Tower
70:46 Scout Tower
70:51 Guard Tower
70:55 Scout Tower
71:03 Guard Tower
71:09 Scout Tower
71:14 Guard Tower
71:19 Scout Tower
71:28 Guard Tower
71:34 Scout Tower
71:38 Guard Tower
71:43 Scout Tower
71:56 Guard Tower
72:06 Guard Tower
72:11 Scout Tower
72:22 Guard Tower
72:44 Guard Tower
72:52 Scout Tower
73:53 Guard Tower
76:03 Scout Tower
76:59 Guard Tower
84:04 Town Hall
84:51 Farm
85:28 Farm
86:00 Scout Tower
86:16 Farm
87:49 Lumber Mill
90:55 Lumber Mill
91:05 Scout Tower
91:36 Scout Tower
91:40 Scout Tower
91:49 Blacksmith
92:03 Guard Tower
92:06 Scout Tower
92:09 Scout Tower
92:14 Guard Tower
92:15 Guard Tower
92:22 Keep
92:27 Scout Tower
92:29 Guard Tower
92:38 Barracks
92:42 Guard Tower
92:44 Guard Tower
92:50 Scout Tower
92:53 Scout Tower
93:05 Guard Tower
93:08 Scout Tower
93:31 Guard Tower
93:35 Scout Tower
93:39 Guard Tower
93:41 Scout Tower
93:46 Guard Tower
94:00 Scout Tower
94:06 Guard Tower
94:10 Scout Tower
94:17 Guard Tower
94:38 Guard Tower
94:57 Scout Tower
95:26 Guard Tower
96:17 Workshop
97:28 Scout Tower
98:05 Guard Tower
98:20 Farm
98:46 Altar of Kings
101:37 Castle
103:54 Arcane Sanctum
103:56 Scout Tower
104:30 Guard Tower
104:33 Scout Tower
105:09 Scout Tower
105:10 Guard Tower
105:16 Scout Tower
105:41 Guard Tower
106:12 Farm
106:23 Guard Tower
106:41 Farm
107:01 Farm
107:42 Farm
116:12 Keep
116:14 Scout Tower
116:47 Guard Tower
116:50 Scout Tower
117:44 Guard Tower
118:00 Altar of Kings
118:07 Scout Tower
118:39 Scout Tower
118:42 Guard Tower
118:45 Scout Tower
119:13 Keep
119:16 Guard Tower
119:24 Gryphon Aviary
119:26 Guard Tower
119:29 Scout Tower
119:46 Scout Tower
119:56 Guard Tower
120:01 Scout Tower
120:36 Scout Tower
121:04 Guard Tower
121:06 Guard Tower
121:57 Scout Tower
122:27 Guard Tower
122:39 Blacksmith
124:09 Castle
125:26 Workshop
126:10 Scout Tower
127:57 Guard Tower
130:12 Farm
130:37 Farm
131:55 Farm
» items
| Periapt of Vitality | 1 | |
| Scroll of Protection | 2 | |
3 total
team 2 (winner)
Iuckduck (
pink | 64 APM | 9044 actions | 141:37)
9 Blademaster
3 Wind Walk
3 Critical Strike
1 Bladestorm
2 Mirror Image
7 Tauren Chieftain
3 Shockwave
3 Endurance Aura
1 Reincarnation
» actions
| Assign group hotkey | 45 | |
| Basic commands | 274 | |
| Build / train | 184 | |
| ESC pressed | 10 | |
| Enter build submenu | 271 | |
| Enter hero's abilities submenu | 17 | |
| Give item / drop item | 21 | |
| Right click | 4309 | |
| Select / deselect | 1088 | |
| Select group hotkey | 1953 | |
| Use ability | 871 | |
9044 total
» units
| Peon | 24 | |
| Wind Rider | 17 | |
| Goblin Shredder | 2 | |
| Goblin Zeppelin | 2 | |
| Goblin Sapper | 8 | |
| Troll Batrider | 39 | |
| Shaman | 1 | |
| Troll Witch Doctor | 2 | |
95 total
» upgrades
| Spiked Barricades | 3 | |
| Reinforced Defenses | 1 | |
| Liquid Fire | 2 | |
| Envenomed Spears | 1 | |
| Armor | 4 | |
| Ranged Weapons | 3 | |
| Witch Doctor Training | 2 | |
| Shaman Training | 1 | |
17 total
» buildings
| Altar of Storms | 2 | |
| Orc Burrow | 14 | |
| War Mill | 3 | |
| Voodoo Lounge | 2 | |
| Watch Tower | 276 | |
| Stronghold | 2 | |
| Beastiary | 3 | |
| Great Hall | 11 | |
| Fortress | 1 | |
| Spirit Lodge | 2 | |
316 total
» build order
00:04 Altar of Storms
00:06 Orc Burrow
00:51 War Mill
01:28 Orc Burrow
01:47 Voodoo Lounge
02:08 Watch Tower
02:32 Watch Tower
02:55 Watch Tower
03:11 Watch Tower
03:43 Watch Tower
04:08 Stronghold
04:16 Watch Tower
04:32 Watch Tower
04:42 Watch Tower
05:10 Watch Tower
05:11 Watch Tower
05:28 Orc Burrow
05:34 Watch Tower
05:36 Watch Tower
05:43 Watch Tower
06:11 Watch Tower
06:14 Watch Tower
06:22 Watch Tower
06:48 Watch Tower
06:57 Watch Tower
07:24 Watch Tower
07:33 Beastiary
07:42 Watch Tower
07:50 Watch Tower
08:12 Watch Tower
08:36 Watch Tower
08:50 Watch Tower
08:53 Watch Tower
09:09 Watch Tower
09:36 Great Hall
09:59 Watch Tower
10:04 Watch Tower
10:12 Watch Tower
12:13 Watch Tower
12:15 Watch Tower
12:19 Watch Tower
12:40 Fortress
12:49 Watch Tower
14:41 Watch Tower
14:42 Watch Tower
14:43 Watch Tower
14:45 Watch Tower
14:46 Watch Tower
14:54 Watch Tower
14:55 Watch Tower
16:35 Orc Burrow
16:55 Great Hall
17:04 Watch Tower
17:05 Watch Tower
17:06 Watch Tower
17:44 Watch Tower
17:46 Watch Tower
17:47 Watch Tower
18:29 Watch Tower
18:30 Watch Tower
18:57 Watch Tower
19:47 Watch Tower
19:49 Watch Tower
19:53 Watch Tower
20:31 Watch Tower
22:14 Great Hall
22:17 Watch Tower
22:18 Watch Tower
22:19 Watch Tower
22:20 Watch Tower
22:21 Watch Tower
22:22 Watch Tower
22:26 Watch Tower
22:27 Watch Tower
22:28 Watch Tower
22:29 Watch Tower
22:47 Watch Tower
23:14 Watch Tower
23:32 Watch Tower
23:33 Watch Tower
24:24 Watch Tower
24:28 Watch Tower
25:35 Great Hall
25:40 Watch Tower
25:54 Watch Tower
25:57 Watch Tower
26:29 Orc Burrow
26:34 Orc Burrow
27:44 Watch Tower
28:04 Watch Tower
28:07 Watch Tower
29:37 Watch Tower
30:42 Watch Tower
31:57 Watch Tower
33:42 Great Hall
33:47 Watch Tower
33:49 Watch Tower
34:22 Watch Tower
34:22 Watch Tower
34:48 Watch Tower
34:49 Watch Tower
34:50 Watch Tower
34:59 Watch Tower
35:14 Watch Tower
35:15 Watch Tower
36:46 Watch Tower
36:48 Watch Tower
37:26 Watch Tower
37:27 Watch Tower
37:29 Watch Tower
37:30 Watch Tower
37:32 Watch Tower
37:33 Watch Tower
39:01 Great Hall
39:04 Watch Tower
39:08 Watch Tower
39:08 Watch Tower
39:09 Watch Tower
39:21 Watch Tower
39:22 Watch Tower
42:01 Orc Burrow
42:07 Watch Tower
42:15 Watch Tower
42:16 Watch Tower
43:27 Watch Tower
43:28 Watch Tower
43:31 Watch Tower
47:30 Watch Tower
47:31 Watch Tower
47:33 Watch Tower
47:37 Watch Tower
47:39 Watch Tower
47:40 Watch Tower
48:29 Great Hall
50:11 Watch Tower
50:12 Watch Tower
50:13 Watch Tower
50:14 Watch Tower
50:16 Watch Tower
50:17 Watch Tower
50:18 Watch Tower
54:11 Orc Burrow
54:16 Watch Tower
54:17 Watch Tower
57:15 Watch Tower
57:38 Watch Tower
57:56 Watch Tower
57:59 Watch Tower
58:01 Watch Tower
58:18 Watch Tower
58:19 Watch Tower
58:22 Watch Tower
58:26 Watch Tower
58:29 Watch Tower
59:08 Watch Tower
60:29 Watch Tower
60:34 Great Hall
60:38 Watch Tower
61:20 Watch Tower
61:21 Watch Tower
61:24 Watch Tower
61:26 Watch Tower
61:35 Watch Tower
62:51 Watch Tower
62:53 Watch Tower
62:55 Watch Tower
62:56 Watch Tower
62:57 Watch Tower
62:58 Watch Tower
62:59 Watch Tower
63:01 Watch Tower
63:02 Watch Tower
63:03 Watch Tower
63:53 Watch Tower
63:55 Watch Tower
63:57 Watch Tower
65:34 Watch Tower
65:35 Watch Tower
65:36 Watch Tower
65:38 Watch Tower
65:39 Watch Tower
66:59 Spirit Lodge
67:05 Spirit Lodge
70:09 Watch Tower
70:10 Watch Tower
70:11 Watch Tower
71:52 Watch Tower
71:53 Watch Tower
71:54 Watch Tower
72:43 Orc Burrow
73:55 Great Hall
73:58 Watch Tower
73:59 Watch Tower
74:00 Watch Tower
74:14 Great Hall
74:17 Watch Tower
74:19 Watch Tower
75:10 Watch Tower
75:13 Watch Tower
75:15 Watch Tower
75:16 Watch Tower
75:27 Watch Tower
75:28 Watch Tower
75:35 Watch Tower
75:36 Watch Tower
75:37 Watch Tower
75:38 Watch Tower
75:40 Watch Tower
75:41 Watch Tower
75:42 Watch Tower
78:57 Watch Tower
78:58 Watch Tower
78:59 Watch Tower
79:01 Watch Tower
79:05 Watch Tower
79:06 Watch Tower
82:06 Stronghold
82:13 Orc Burrow
86:53 Great Hall
86:56 Watch Tower
86:58 Watch Tower
86:59 Watch Tower
87:00 Watch Tower
87:02 Watch Tower
87:03 Watch Tower
87:06 Watch Tower
87:06 Watch Tower
87:07 Watch Tower
87:08 Watch Tower
87:09 Watch Tower
87:39 Beastiary
89:06 Altar of Storms
89:29 Orc Burrow
89:31 Orc Burrow
89:41 War Mill
90:17 Voodoo Lounge
91:47 Watch Tower
91:48 Watch Tower
92:02 Watch Tower
92:04 Watch Tower
92:05 Watch Tower
92:07 Watch Tower
92:08 Watch Tower
92:09 Watch Tower
92:10 Watch Tower
92:11 Watch Tower
92:12 Watch Tower
92:13 Watch Tower
93:11 Watch Tower
93:12 Watch Tower
93:13 Watch Tower
94:37 Watch Tower
94:39 Watch Tower
94:40 Watch Tower
94:44 Watch Tower
94:50 Watch Tower
94:52 Watch Tower
94:53 Watch Tower
94:54 Watch Tower
94:55 Watch Tower
94:57 Watch Tower
95:00 Watch Tower
95:03 Watch Tower
95:04 Watch Tower
95:05 Watch Tower
95:06 Watch Tower
95:08 Watch Tower
95:10 Watch Tower
95:15 Watch Tower
95:16 Watch Tower
95:17 Watch Tower
95:17 Watch Tower
95:21 Watch Tower
95:22 Watch Tower
95:23 Watch Tower
96:26 Watch Tower
96:28 Watch Tower
100:30 War Mill
100:41 Orc Burrow
103:43 Watch Tower
103:44 Watch Tower
103:46 Watch Tower
103:47 Watch Tower
103:48 Watch Tower
103:53 Beastiary
106:42 Watch Tower
106:43 Watch Tower
106:47 Watch Tower
106:48 Watch Tower
106:49 Watch Tower
106:52 Watch Tower
106:55 Watch Tower
106:56 Watch Tower
106:57 Watch Tower
108:57 Watch Tower
108:59 Watch Tower
109:00 Watch Tower
109:02 Watch Tower
109:06 Watch Tower
109:07 Watch Tower
109:11 Watch Tower
109:14 Watch Tower
109:16 Watch Tower
109:17 Watch Tower
109:20 Watch Tower
109:22 Watch Tower
109:24 Watch Tower
109:26 Watch Tower
109:27 Watch Tower
109:28 Watch Tower
109:34 Watch Tower
109:35 Watch Tower
109:36 Watch Tower
109:37 Watch Tower
119:17 Watch Tower
119:26 Orc Burrow
» items
| Lesser Clarity Potion | 21 | |
| Potion of Mana | 12 | |
| Healing Salve | 3 | |
| Scroll of Speed | 1 | |
| Staff of Teleportation | 2 | |
| Boots of Speed | 2 | |
| Orb of Lightning | 2 | |
| Potion of Healing | 2 | |
| Periapt of Vitality | 1 | |
| Scroll of Town Portal | 4 | |
| Potion of Invisibility | 1 | |
51 total
Chat log
(58:51 / All) Iuckduck: nice bolt
(58:55 / All) Iuckduck: or was that a bash
(59:11 / All) Iuckduck: i wasnt paying attention
(71:00 / All) Iuckduck: pawns off plz
(111:04 / All) Iuckduck: mind if i pause
(111:34 / All) Iuckduck: :(
(111:37 / All) Iuckduck: doorbell
(112:04 / All) Iuckduck: you oculd have at least done something productive after unpausing :\
(113:39 / All) Iuckduck: great
(113:44 / All) Iuckduck: attack while my dog is going nuts
(126:17 / All) Iuckduck: mr unpauser
(141:19 / All) Iuckduck: hmm